 Dungeon Crawl Stone Soup version 0.24-a0-769-g368c164 (webtiles) character file.

Game seed: 13545632941900364582, levelgen mode: deterministic

494 2tousent the Ruffian (level 6, 0/47 HPs)
             Began as a Draconian Transmuter on Oct 5, 2019.
             Slain by a gnoll
             ... wielding a +0 spear
              (7 damage)
             ... on level 5 of the Dungeon.
             The game lasted 00:12:15 (4194 turns).

2tousent the Ruffian (Draconian Transmuter)         Turns: 4194, Time: 00:12:16

Health: 0/47       AC:  2    Str: 13    XL:     6   Next: 92%
Magic:  7/10       EV: 19    Int: 12    God:
Gold:   182        SH:  0    Dex: 17    Spells: 3/11 levels left

rFire    . . .     SeeInvis .     - Unarmed
rCold    . . .     Gourm    .   (shield currently unavailable)
rNeg     . . .     Faith    .   (armour unavailable)
rPois    x         Spirit   .   (helmet currently unavailable)
rElec    .         Reflect  .   (cloak currently unavailable)
rCorr    .         Harm     .   (gloves currently unavailable)
MR       .....                  (boots currently unavailable)
Stlth    +.........             (no amulet)
HPRegen  0.15/turn              r - -2 ring of intelligence (curse)
MPRegen  0.12/turn              (no ring)

@: spider-form, glowing
A: tiny, unfitting armour, AC +6
a: End Transformation


You were on level 5 of the Dungeon.
You were not hungry.
You were a venomous arachnid creature.
You visited 1 branch of the dungeon, and saw 5 of its levels.

You collected 182 gold pieces.

Inventory:

Missiles
 a - 12 arrows
 k - 3 javelins (quivered)
Armour
 d - a +1 hat (melded)
Jewellery
 f - an uncursed ring of fire
 r - a cursed -2 ring of intelligence (left front leg)
Wands
 m - a wand of flame (11)
 s - a wand of paralysis (5)
Scrolls
 i - a scroll of magic mapping
 j - a scroll of amnesia
 n - 3 scrolls of enchant weapon
Potions
 b - 2 potions of might
 e - a potion of haste
 g - a potion of brilliance
 h - 4 potions of mutation
 l - 2 potions of degeneration
 q - a potion of curing {unknown}
 t - a potion of heal wounds
Comestibles
 c - 8 rations


   Skills:
 - Level 1.1 Fighting
 - Level 1.7 Dodging
 * Level 5.1 Unarmed Combat
 + Level 3.3 Spellcasting
 * Level 4.4 Transmutations
 + Level 1.6 Ice Magic
 + Level 2.1 Poison Magic


You had 3 spell levels left.
You knew the following spells:

 Your Spells              Type           Power        Failure   Level  Hunger
a - Beastly Appendage     Tmut           ##....       12%         1    #......
b - Spider Form           Tmut/Pois      #.........   38%         3    ###....
c - Ice Form              Ice/Tmut       #.......     77%         4    #####..

Your spell library contained the following spells:

 Spells                   Type           Power        Failure   Level  Hunger
 Sticks to Snakes         Tmut           ##......     17%         2    ###....
 Confusing Touch          Hex            #.....       45%         1    #......
 Confuse                  Hex            #.......     78%         3    ###....
 Gell's Gravitas          Tloc           #.........   78%         3    ###....
 Petrify                  Tmut/Erth      #.......     85%         4    #####..
 Blade Hands              Tmut           ##........   87%         5    ######.
 Yara's Violent Unravell  Hex/Tmut       #.........   99%         5    ######.
 Metabolic Englaciation   Hex/Ice        #.........   100%        5    ######.


Dungeon Overview and Level Annotations

Branches:
Dungeon (5/15)
 Temple: D:4-7

Altars:
The Shining One


Innate Abilities, Weirdness & Mutations

((Your plain brown scales are hard. (AC +6)))
You cannot fit into any form of body armour.
((You are cold-blooded and may be slowed by cold attacks.))


Message History

* * * LOW HITPOINT WARNING * * *
The gnoll hits you from afar with a +0 spear.
* * * LOW HITPOINT WARNING * * *
You hit the gnoll shaman.
The gnoll shaman looks as sick as possible!
The gnoll shaman is severely wounded.
You kill the gnoll shaman!
The gnoll closely misses you. The gnoll barely misses you.
Things that are here:
a +0 club; a +0 robe You hit the gnoll.
The gnoll is moderately wounded.
The gnoll misses you.
The gnoll hits you from afar with a +0 spear.
* * * LOW HITPOINT WARNING * * *
You hit the gnoll but do no damage.
The gnoll is poisoned.
The gnoll is moderately wounded.
The gnoll misses you.
The gnoll hits you from afar with a +0 spear!
You die...

#####...###...#
#.#.#
#...#...###
..#.# #.<.#...#
.###.#
#...#...#######
. ..
#...###........
. .#
..♣...).##.....
#S$..(##.# ....
##... #)# ###
##. #s# # #g#
.g. .#### .# .#
#. .


You could see 2 gnolls.

Vanquished Creatures
  2 scorpions (D:5)
  4 orc wizards
  A gnoll shaman (D:5)
  Jessica (D:2)
  A worker ant (D:4)
  A hound skeleton (D:4)
  2 gnolls (D:5)
  5 adders
  A shadow imp (D:5)
  2 oozes
  3 worms
  5 leopard geckos
  9 orcs
  7 bats
  9 giant cockroaches
  11 goblins
  7 hobgoblins
  5 jackals
  A quokka (D:2)
  A ball python skeleton (D:5)
  6 frilled lizards
  11 kobolds
  A quokka skeleton (D:4)
  11 rats
107 creatures vanquished.

Notes
Turn   | Place    | Note
-------+----------+-------------------------------------------
     0 | D:1      | 2tousent the Draconian Transmuter began the quest for the
                  | Orb.
     0 | D:1      | Reached XP level 1. HP: 16/16 MP: 3/3
   153 | D:1      | Reached XP level 2. HP: 18/23 MP: 5/5
   519 | D:1      | Reached XP level 3. HP: 26/28 MP: 4/6
   939 | D:2      | Learned a level 3 spell: Spider Form
  1051 | D:2      | Noticed Jessica
  1067 | D:2      | Killed Jessica
  1067 | D:2      | Reached XP level 4. HP: 20/35 MP: 1/7
  1459 | D:2      | Reached skill level 4 in Unarmed Combat
  1573 | D:2      | Found a glowing golden altar of the Shining One.
  1864 | D:2      | Reached skill level 1 in Poison Magic
  2083 | D:2      | Learned a level 4 spell: Ice Form
  2155 | D:3      | Reached XP level 5. HP: 39/40 MP: 5/9
  2840 | D:4      | Reached skill level 1 in Ice Magic
  2845 | D:4      | Reached XP level 6. HP: 20/47 MP: 5/10
  3729 | D:5      | Entered Level 5 of the Dungeon
  4185 | D:5      | Reached skill level 5 in Unarmed Combat
  4194 | D:5      | Slain by a gnoll

Levels and vault maps discovered:
D:1:      shiori_shiawase, layout_rooms, serial_forest,
          infiniplex_forest_clump_diagonal, infiniplex_forest_straight_4,
          infiniplex_forest_corner_1, infiniplex_forest_clump_diagonal,
          infiniplex_forest_lined_1, chequers_hall_statues_wall_a
D:2:      layout_basic, tso_altar, uniq_jessica
D:3:      layout_loops_ring, grunt_ministairs_13
D:4:      layout_loops_ring
D:5:      layout_rooms, first_ration, grunt_ministairs_15

Skill      XL: |  1  2  3  4  5  6 |
---------------+-------------------+-----
Transmutations | 3 4 |  4.4
Unarmed Combat | 4 5 |  5.1
Poison Magic   | 1 2 |  2.1
Ice Magic      | 1 |  1.6
Spellcasting   | 3 |  3.3
Fighting       | |  1.1
Dodging        | |  1.7

Action                   |  1- 3 |  4- 6 || total
-------------------------+-------+-------++-------
Melee: Unarmed           |    99 |   240 ||   339
       Tailslap          |     6 |     8 ||    14
       Kick              |     5 |     7 ||    12
       Headbutt          |     4 |     4 ||     8
       Punch             |       |     5 ||     5
 Cast: Beastly Appendage |     8 |     7 ||    15
       Spider Form       |     3 |    24 ||    27
  Use: Scroll            |     8 |     5 ||    13
 Stab: Sleeping          |     2 |       ||     2
  Eat: Chunk             |     1 |    12 ||    13
       Ration            |       |     1 ||     1
Armor: Skin              |    27 |    47 ||    74
Dodge: Dodged            |    63 |   171 ||   234

Table legend:
 A = Non-vault XP
 B = Vault XP
 C = Vault XP percentage of total XP
 D = Non-vault monster count
 E = Vault monster count
 F = Vault count percentage of total count
                 A         B        C        D         E       F
            +---------+---------+-------+---------+---------+-------
      Total |     619 |      88 |  12.4 |     101 |       6 |   5.6
            +---------+---------+-------+---------+---------+-------
        D:1 |      57 |       0 |   0.0 |      30 |       0 |   0.0
        D:2 |      68 |      37 |  35.2 |      30 |       1 |   3.2
        D:3 |     113 |      51 |  31.1 |      20 |       5 |  20.0
        D:4 |     167 |       0 |   0.0 |      14 |       0 |   0.0
        D:5 |     214 |       0 |   0.0 |       7 |       0 |   0.0
            +---------+---------+-------+---------+---------+-------
